UAA
TACOMA FUR TRADERS @ MERCER ISLAND SCREAMING EAGLES
09/07/2018
 
TOP OF THE 1ST
Tacoma Fur Traders batting - Pitching for Mercer Island Screaming Eagles : LHP Miguel Mora
Pitching: LHP Miguel Mora
Batting: RHB Mike Daniels 0-0: SINGLE (Line Drive, 4)
Batting: RHB Jesús Morales 0-0: Ball
1-0: Ball
2-0: Ball
3-0: Base on Balls
Mike Daniels to second
Batting: RHB Brett Robinson 0-0: Fielders Choice at 2nd, 6-4 (Groundball, 6M)
Mike Daniels to third
Batting: RHB Mo Zhou 0-0: Called Strike
0-1: Called Strike
0-2: Ball
1-2: Ball
2-2: Foul Ball, location: 2F
2-2: Fly out, F2 (Popup, 2RF)
Batting: RHB Hiwahikeiki Noelani 0-0: Called Strike
0-1: Ball
1-1: Fly out, F9 (Line Drive, 89M)
Top of the 1st over - 0 run(s), 1 hit(s), 0 error(s), 2 left on base; Tacoma 0 - Mercer Island 0
BOTTOM OF THE 1ST
Mercer Island Screaming Eagles batting - Pitching for Tacoma Fur Traders : RHP Howard Ritchie
Pitching: RHP Howard Ritchie
Batting: RHB Eric Peterson 0-0: Ball
1-0: Ball
2-0: Ball
3-0: Called Strike
3-1: Swinging Strike
3-2: Foul Ball, location: 2F
3-2: SINGLE (Line Drive, 9S)
Batting: RHB Paul Houston 0-0: Ball
1-0: Called Strike
1-1: Ball
2-1: Fly out, F9 (Flyball, 9M)
Batting: LHB Jeff Lee 0-0: Ball
1-0: Grounds out, U3 (Groundball, 3L)
Batting: LHB Mike Russell 0-0: Ball
1-0: SINGLE (Line Drive, 78S)
Eric Peterson to third
Runner from 3rd tries for Home, SAFE, no throw or cutoff
Batting: RHB Scotty Anderson 0-0: Foul Ball, location: 2F
0-1: Foul Ball, location: 2F
0-2: Ball
1-2: Ball
2-2: SINGLE (Groundball, 4M)
Mike Russell to second
Batting: SHB Stephen Yates 0-0: Called Strike
0-1: Ball
1-1: DOUBLE (Flyball, 89M)
Mike Russell scores
Scotty Anderson to third
Runner from 3rd tries for Home, SAFE, no throw or cutoff
Batting: LHB Gregg Young 0-0: Fly out, F7 (Flyball, 7M)
Bottom of the 1st over - 3 run(s), 4 hit(s), 0 error(s), 1 left on base; Tacoma 0 - Mercer Island 3
TOP OF THE 2ND
Tacoma Fur Traders batting - Pitching for Mercer Island Screaming Eagles : LHP Miguel Mora
Batting: RHB Gonzalo Manuel 0-0: Ball
1-0: Ball
2-0: Foul Ball, location: 2F
2-1: Fly out, F5 (Popup, 5S)
Batting: RHB Dale Blair 0-0: Swinging Strike
0-1: Called Strike
0-2: Strikes out looking
Batting: RHB Joe Craig 0-0: Hit by Pitch
Batting: RHB Justin Saginov 0-0: Ball
Throwing error on steal attempt, E2
Joe Craig to third
1-0: Swinging Strike
1-1: Ball
2-1: Called Strike
2-2: Strikes out swinging
Top of the 2nd over - 0 run(s), 0 hit(s), 1 error(s), 1 left on base; Tacoma 0 - Mercer Island 3
BOTTOM OF THE 2ND
Mercer Island Screaming Eagles batting - Pitching for Tacoma Fur Traders : RHP Howard Ritchie
Batting: SHB Ray Davis 0-0: Foul Ball, location: 2F
0-1: Ball
1-1: Foul Ball, location: 2F
1-2: Fly out, F6 (Popup, 6S)
Batting: RHB Luis Jiménez 0-0: Called Strike
0-1: Foul Ball, location: 2F
0-2: Foul Ball, location: 2F
0-2: Ball
1-2: Ball
2-2: Foul Ball, location: 2F
2-2: Ball
3-2: DOUBLE (Line Drive, 5L)
Batting: RHB Eric Peterson 0-0: Foul Ball, location: 2F
0-1: Ball
1-1: Swinging Strike
1-2: Strikes out swinging
Batting: RHB Paul Houston 0-0: Ball
1-0: SINGLE (Groundball, 56)
Luis Jiménez to third
Runner from 3rd tries for Home, SAFE, no throw or cutoff
Batting: LHB Jeff Lee 0-0: Ball
Paul Houston is caught stealing 2nd base
Bottom of the 2nd over - 1 run(s), 2 hit(s), 0 error(s), 0 left on base; Tacoma 0 - Mercer Island 4
TOP OF THE 3RD
Tacoma Fur Traders batting - Pitching for Mercer Island Screaming Eagles : LHP Miguel Mora
Batting: RHB Mike Daniels 0-0: Swinging Strike
0-1: Ball
1-1: Foul Ball, location: 2F
1-2: Fly out, F8 (Flyball, 8RM)
Batting: RHB Jesús Morales 0-0: Ball
1-0: DOUBLE (Groundball, 5L)
Batting: RHB Brett Robinson 0-0: Called Strike
0-1: Ball
1-1: Swinging Strike
1-2: Ball
2-2: Foul Ball, location: 2F
2-2: Strikes out swinging
Batting: RHB Mo Zhou 0-0: Called Strike
0-1: Swinging Strike
0-2: Ball
1-2: Ball
2-2: Strikes out swinging
Top of the 3rd over - 0 run(s), 1 hit(s), 0 error(s), 1 left on base; Tacoma 0 - Mercer Island 4
BOTTOM OF THE 3RD
Mercer Island Screaming Eagles batting - Pitching for Tacoma Fur Traders : RHP Howard Ritchie
Batting: LHB Jeff Lee 0-0: Ground out 4-3 (Groundball, 4)
Batting: LHB Mike Russell 0-0: Swinging Strike
0-1: Ball
1-1: SINGLE (Flyball, 8LM)
Batting: RHB Scotty Anderson 0-0: Ball
1-0: SINGLE (Line Drive, 8LS)
Mike Russell to second
Batting: SHB Stephen Yates 0-0: Foul Ball, location: 2F
0-1: Fly out, F9 (Flyball, 9M)
Batting: LHB Gregg Young 0-0: Called Strike
0-1: Fielders Choice at 2nd, U6 (Groundball, 6M)
Bottom of the 3rd over - 0 run(s), 2 hit(s), 0 error(s), 2 left on base; Tacoma 0 - Mercer Island 4
TOP OF THE 4TH
Tacoma Fur Traders batting - Pitching for Mercer Island Screaming Eagles : LHP Miguel Mora
Batting: RHB Hiwahikeiki Noelani 0-0: Called Strike
0-1: Ball
1-1: Called Strike
1-2: Foul Ball, location: 2F
1-2: Foul Ball, location: 2F
1-2: Foul Ball, location: 2F
1-2: Ball
2-2: Ball
3-2: Foul Ball, location: 2F
3-2: Fly out, F9 (Flyball, 89M)
Batting: RHB Gonzalo Manuel 0-0: Swinging Strike
0-1: Ball
1-1: SOLO HOME RUN (Line Drive, 78XD), Distance : 424 ft
Batting: RHB Dale Blair 0-0: Called Strike
0-1: Called Strike
0-2: Ground out 5-3 (Groundball, 5L)
Batting: RHB Joe Craig 0-0: Ball
1-0: Foul Ball, location: 2F
1-1: Ball
2-1: Fly out, F8 (Flyball, 8RM)
Top of the 4th over - 1 run(s), 1 hit(s), 0 error(s), 0 left on base; Tacoma 1 - Mercer Island 4
BOTTOM OF THE 4TH
Mercer Island Screaming Eagles batting - Pitching for Tacoma Fur Traders : RHP Howard Ritchie
Batting: SHB Ray Davis 0-0: Foul Ball, location: 2F
0-1: Fly out, F4 (Line Drive, 4)
Batting: RHB Luis Jiménez 0-0: Foul Ball, location: 2F
0-1: Ground out 6-3 (Groundball, 6M)
Batting: RHB Eric Peterson 0-0: Ball
1-0: Fly out, F9 (Flyball, 89S)
Bottom of the 4th over - 0 run(s), 0 hit(s), 0 error(s), 0 left on base; Tacoma 1 - Mercer Island 4
TOP OF THE 5TH
Tacoma Fur Traders batting - Pitching for Mercer Island Screaming Eagles : LHP Miguel Mora
Batting: RHB Justin Saginov 0-0: Called Strike
0-1: Foul Ball, location: 2F
0-2: Ball
1-2: Fly out, F6 (Line Drive, 6D)
Batting: RHB Mike Daniels 0-0: Called Strike
0-1: Foul Ball, location: 2F
0-2: Ball
1-2: Foul Ball, location: 2F
1-2: Foul Ball, location: 2F
1-2: Ball
2-2: Ground out 4-3 (Groundball, 34)
Batting: RHB Jesús Morales 0-0: SINGLE (Line Drive, 89S)
Batting: RHB Brett Robinson 0-0: SINGLE (Groundball, 25) (infield hit)
Jesús Morales to second
Batting: RHB Mo Zhou 0-0: Ball
1-0: Called Strike
1-1: Ball
2-1: Ball
3-1: Foul Ball, location: 2F
3-2: Base on Balls
Jesús Morales to third
Brett Robinson to second
Batting: RHB Hiwahikeiki Noelani 0-0: Called Strike
0-1: Ball
1-1: Fly out, F3 (Line Drive, 3)
Top of the 5th over - 0 run(s), 2 hit(s), 0 error(s), 3 left on base; Tacoma 1 - Mercer Island 4
BOTTOM OF THE 5TH
Mercer Island Screaming Eagles batting - Pitching for Tacoma Fur Traders : RHP Howard Ritchie
Batting: RHB Paul Houston 0-0: Ball
1-0: Ball
2-0: Ground out 4-3 (Groundball, 4)
Batting: LHB Jeff Lee 0-0: Foul Ball, location: 2F
0-1: SINGLE (Line Drive, 4D)
Batting: LHB Mike Russell 0-0: Fly out, F2 (Popup, 25F)
Batting: RHB Scotty Anderson 0-0: Ball
1-0: Ball
2-0: Foul Ball, location: 2F
2-1: Swinging Strike
2-2: Foul Ball, location: 2F
2-2: Foul Ball, location: 2F
2-2: Foul Ball, location: 2F
2-2: Strikes out swinging
Bottom of the 5th over - 0 run(s), 1 hit(s), 0 error(s), 1 left on base; Tacoma 1 - Mercer Island 4
TOP OF THE 6TH
Tacoma Fur Traders batting - Pitching for Mercer Island Screaming Eagles : LHP Miguel Mora
Batting: RHB Gonzalo Manuel 0-0: Called Strike
0-1: Ball
1-1: SINGLE (Groundball, 6M)
Batting: RHB Dale Blair 0-0: Foul Ball, location: 2F
0-1: Swinging Strike
0-2: Strikes out swinging
Batting: RHB Joe Craig 0-0: Swinging Strike
0-1: Called Strike
0-2: Strikes out swinging
Batting: RHB Justin Saginov 0-0: Swinging Strike
0-1: Ball
1-1: Ball
2-1: Called Strike
2-2: Ball
Gonzalo Manuel steals 2nd base
3-2: Base on Balls
Batting: RHB Mike Daniels 0-0: Called Strike
0-1: Foul Ball, location: 2F
0-2: Ball
1-2: Ground out 5-3 (Groundball, 5S)
Top of the 6th over - 0 run(s), 1 hit(s), 0 error(s), 2 left on base; Tacoma 1 - Mercer Island 4
BOTTOM OF THE 6TH
Mercer Island Screaming Eagles batting - Pitching for Tacoma Fur Traders : RHP Howard Ritchie
Batting: SHB Stephen Yates 0-0: Ball
1-0: Foul Ball, location: 2F
1-1: Ball
2-1: Foul Ball, location: 2F
2-2: Foul Ball, location: 2F
2-2: Fly out, F8 (Flyball, 8RM)
Batting: LHB Gregg Young 0-0: Ball
1-0: Foul Ball, location: 2F
1-1: Ball
2-1: Foul Ball, location: 2F
2-2: Fly out, F6 (Popup, 6D)
Batting: SHB Ray Davis 0-0: Called Strike
0-1: Ball
1-1: Ball
2-1: Foul Ball, location: 2F
2-2: Ball
3-2: Base on Balls
Batting: RHB Luis Jiménez 0-0: Called Strike
0-1: Called Strike
0-2: Foul Ball, location: 2F
0-2: Foul Ball, location: 2F
0-2: Ball
1-2: Ball
2-2: Ball
3-2: Strikes out swinging
Bottom of the 6th over - 0 run(s), 0 hit(s), 0 error(s), 1 left on base; Tacoma 1 - Mercer Island 4
TOP OF THE 7TH
Tacoma Fur Traders batting - Pitching for Mercer Island Screaming Eagles : LHP Miguel Mora
Batting: RHB Jesús Morales 0-0: Ball
1-0: Foul Ball, location: 2F
1-1: Ball
2-1: SINGLE (Line Drive, 89S)
Pitching: RHP José Contreras
Batting: RHB Brett Robinson 0-0: Ball
1-0: SINGLE (Groundball, 56) (infield hit)
Jesús Morales to second
Batting: RHB Mo Zhou 0-0: Foul Ball, location: 2F
0-1: Called Strike
0-2: Foul Ball, location: 2F
0-2: Ball
1-2: Ball
2-2: Foul Ball, location: 2F
2-2: Strikes out swinging
Batting: RHB Hiwahikeiki Noelani 0-0: Grounds into double play, 6-4-3 (Groundball, 6)
Top of the 7th over - 0 run(s), 2 hit(s), 0 error(s), 1 left on base; Tacoma 1 - Mercer Island 4
BOTTOM OF THE 7TH
Mercer Island Screaming Eagles batting - Pitching for Tacoma Fur Traders : RHP Howard Ritchie
Batting: RHB Eric Peterson 0-0: Called Strike
0-1: Called Strike
0-2: Ball
1-2: Ball
2-2: Foul Ball, location: 2F
2-2: Foul Ball, location: 2F
2-2: Foul Ball, location: 2F
2-2: Reached on error, E6 (Groundball, 6)
Pitching: LHP Hallinan Udny
Batting: RHB Paul Houston 0-0: Sac Bunt - play at first, batter OUT! 1-4
Eric Peterson to second
Batting: LHB Jeff Lee 0-0: Foul Ball, location: 2F
0-1: Foul Ball, location: 2F
0-2: Foul Ball, location: 2F
0-2: Ground out U3 (Groundball, 3)
Eric Peterson to third
Batting: LHB Mike Russell 0-0: Foul Ball, location: 2F
0-1: Swinging Strike
0-2: Foul Ball, location: 2F
0-2: Ground out 6-3 (Groundball, 6)
Bottom of the 7th over - 0 run(s), 0 hit(s), 1 error(s), 1 left on base; Tacoma 1 - Mercer Island 4
TOP OF THE 8TH
Tacoma Fur Traders batting - Pitching for Mercer Island Screaming Eagles : RHP José Contreras
Batting: RHB Gonzalo Manuel 0-0: Called Strike
0-1: Hit by Pitch
Batting: RHB Dale Blair 0-0: Called Strike
0-1: Ball
1-1: Grounds into double play, 5-4-3 (Groundball, 5)
Batting: RHB Joe Craig 0-0: Called Strike
0-1: Called Strike
0-2: Strikes out swinging
Top of the 8th over - 0 run(s), 0 hit(s), 0 error(s), 0 left on base; Tacoma 1 - Mercer Island 4
BOTTOM OF THE 8TH
Mercer Island Screaming Eagles batting - Pitching for Tacoma Fur Traders : LHP Hallinan Udny
Batting: RHB Scotty Anderson 0-0: Called Strike
0-1: Ball
1-1: Ball
2-1: Foul Ball, location: 2F
2-2: Ground out 5-3 (Groundball, 15S)
Batting: SHB Stephen Yates 0-0: Ball
1-0: Called Strike
1-1: Foul Ball, location: 2F
1-2: Ball
2-2: Ground out 6-3 (Groundball, 6M)
Batting: LHB Gregg Young 0-0: Foul Ball, location: 2F
0-1: Called Strike
0-2: Foul Ball, location: 2F
0-2: Ball
1-2: Ball
2-2: Strikes out swinging
Bottom of the 8th over - 0 run(s), 0 hit(s), 0 error(s), 0 left on base; Tacoma 1 - Mercer Island 4
TOP OF THE 9TH
Tacoma Fur Traders batting - Pitching for Mercer Island Screaming Eagles : RHP José Contreras
Pitching: RHP Stewart Walker
Batting: RHB Justin Saginov 0-0: Ball
1-0: Called Strike
1-1: Called Strike
1-2: Strikes out looking
Batting: RHB Mike Daniels 0-0: Ball
1-0: Called Strike
1-1: Swinging Strike
1-2: Fly out, F2 (Popup, 2LF)
Batting: RHB Jesús Morales 0-0: Ball
1-0: Ball
2-0: SOLO HOME RUN (Flyball, 7D), Distance : 396 ft
Batting: RHB Brett Robinson 0-0: Ball
1-0: SINGLE (Flyball, 8LS)
Batting: RHB Mo Zhou 0-0: Ball
1-0: Ball
2-0: Ball
3-0: Called Strike
3-1: Swinging Strike
3-2: Strikes out looking
Top of the 9th over - 1 run(s), 2 hit(s), 0 error(s), 1 left on base; Tacoma 2 - Mercer Island 4
This league is powered by Out of the Park Baseball, the baseball management simulation game for PC, Mac and Linux
Monday, May 4th, 2015 - OOTP Baseball 15.6 Build 34